 Dungeon Crawl Stone Soup version 0.30.0-5-g1a98f26d00 (webtiles) character file.

Game seed: 17545702518666373853

62 GigaChad the Shield-Bearer (level 4, 0/37 HPs)
             Began as a Formicid Fighter on May 10, 2023.
             Slain by Crazy Yiuf
             ... wielding a +4 quarterstaff of chaos
              (18 damage)
             ... on level 2 of the Dungeon.
             The game lasted 00:02:20 (1802 turns).

GigaChad the Shield-Bearer (Formicid Fighter)       Turns: 1802, Time: 00:02:21

Health: 0/37       AC:  7    Str: 23    XL:     4   Next: 28%
Magic:  4/4        EV:  9    Int:  7    God:
Gold:   137        SH:  5    Dex: 13    Spells: 3/3 levels left

rFire   . . .        a - +0 war axe
rCold   . . .        c - +0 buckler
rNeg    . . .        b - +0 scale mail
rPois   .            (helmet unavailable)
rElec   .            (no cloak)
rCorr   .            (no gloves)
SInv    +            (no boots)
Will    .....        (no amulet) Stlth
                     (no ring)
HPRegen 0.26/turn    (no ring)
MPRegen 0.09/turn

%: no passive effects
@: no status effects
A: permanent stasis, dig shafts and tunnels, antennae 3, four strong arms
a: Dig, Shaft Self


You were on level 2 of the Dungeon.
You visited 1 branch of the dungeon, and saw 2 of its levels.

You collected 137 gold pieces.

Inventory:

Hand Weapons
 a - a +0 war axe (weapon)
Armour
 b - a +0 scale mail (worn)
 c - a +0 buckler (worn)
Jewellery
 f - an amulet of faith
Scrolls
 e - a scroll of identify {unknown}
 i - a scroll of enchant weapon {unknown}
 j - a scroll of teleportation {unknown}
 m - a scroll of enchant armour {unknown}
Potions
 d - a potion of might
 g - a potion of curing {unknown}
 h - 2 potions of degeneration {unknown}
 k - a potion of haste {unknown}
 l - 3 potions of brilliance {unknown}
 n - a potion of mutation {unknown}


   Skills:
 * Level 3.7 Fighting
 + Level 2.9 Axes
 * Level 3.9 Armour
 - Level 0.1 Dodging
 * Level 4.5 Shields


You had 3 spell levels left.
You didn't know any spells.
Your spell library contained the following spells:

 Spells                   Type           Power      Damage    Failure   Level
 Apportation              Tloc           0%         N/A       80%         1
 Necrotise                Necr           0%         1d4       80%         1
 Summon Small Mammal      Summ           0%         N/A       80%         1
 Cigotuvi's Dreadful Rot  Necr/Pois/Air  0%         N/A       91%         2
 Dazzling Flash           Conj/Hex       0%         N/A       99%         3
 Dispel Undead            Necr           0%         3d6       100%        4
 Agony                    Necr           0%         N/A       100%        5
 Silence                  Hex/Air        0%         N/A       100%        5
 Death Channel            Necr           0%         N/A       100%        6


Dungeon Overview and Level Annotations

Branches:
Dungeon (2/15)

Altars:

Annotations:
D:2 Crazy Yiuf


Innate Abilities, Weirdness & Mutations

You cannot be hasted, slowed, berserked, paralysed or teleported.
You can dig through walls and to a lower floor.
You have a pair of large antennae on your head. (SInv)
Your four strong arms can wield two-handed weapons with a shield.


Message History

Unknown command.
Unknown command.
No target in view!
Crazy Yiuf shouts!
You sense a monster nearby.
You open the door.
A rat comes into view.
Found a sling.
There is an open door here.
A rat is nearby!
You hit the rat.
You kill the rat!
You open the door.
You see here a +0 sling.
You see here a +0 sling.
There is an open door here.
Crazy Yiuf shouts!
Crazy Yiuf screams, "Fluff hog childish!"
Key pressed, stopping explore.
Could not explore, unopened runed door.
As you open the door, it creaks loudly!
You slash Crazy Yiuf!
Crazy Yiuf is heavily wounded.
Crazy Yiuf drinks a potion.
Crazy Yiuf seems to grow stronger.
Crazy Yiuf completely misses you.
You barely miss Crazy Yiuf.
Crazy Yiuf is moderately wounded.
Crazy Yiuf completely misses you.
You closely miss Crazy Yiuf.
Crazy Yiuf is moderately wounded.
Crazy Yiuf closely misses you.
You completely miss Crazy Yiuf.
Crazy Yiuf is moderately wounded.
Crazy Yiuf says, "Trifle!"
Crazy Yiuf hits you with a +4 quarterstaff of chaos.
You are electrocuted!
Crazy Yiuf closely misses you.
You barely miss Crazy Yiuf.
Crazy Yiuf is moderately wounded.
Crazy Yiuf hits you with a +4 quarterstaff of chaos!!
You die...

#...#
#.#.###........†.#.
#...# #####
######....... #.#.#
#.....#. #.#.#
##### #.....#.
###.# #)..#
#####..##.#. #.#
#...# #...........
#.# ...
####.###..## #.#
#g# #......## #.#
#@## #..#<.... ###
##.# #..###.## ###
#.## #####.# #.##
..# ##.# #.....#
#... ..#### #####
##.## ############
.....# #...# ##PP.#
#......# #....#
#...# #.PP.#
#......# #....#
#...# #....#
#......# .....#
###.####....#
#......#


You could see Crazy Yiuf (strong).

Vanquished Creatures
  2 adders (D:2)
  5 bats
  3 endoplasms
  A giant cockroach (D:1)
  7 goblins
  5 hobgoblins
  A quokka (D:1)
  3 ball pythons
  3 frilled lizards
  5 kobolds
  6 rats
41 creatures vanquished.

Notes
Turn   | Place    | Note
-------+----------+-------------------------------------------
     0 | D:1      | GigaChad the Formicid Fighter began the quest for the Orb.
     0 | D:1      | Reached XP level 1. HP: 18/18 MP: 1/1
   199 | D:1      | Reached XP level 2. HP: 24/24 MP: 2/2
   623 | D:1      | Reached XP level 3. HP: 29/29 MP: 3/3
  1250 | D:2      | Identified the +1 robe of Recklessness {Rampage}
  1393 | D:2      | Reached XP level 4. HP: 36/37 MP: 4/4
  1580 | D:2      | Found a runed translucent door.
  1581 | D:2      | Noticed Crazy Yiuf
  1802 | D:2      | Slain by Crazy Yiuf

Illustrated notes

Levels and vault maps discovered:
D:1:      nzn_arrival_depleted_hourglass, layout_basic
D:2:      layout_basic, uniq_crazy_yiuf_cottage

Action                     |  1- 3 |  4- 6 || total
---------------------------+-------+-------++-------
  Melee: War axe           |   103 |    14 ||   117
Ability: Dig               |     2 |       ||     2
 Armour: Scale mail        |    62 |     3 ||    65
  Dodge: Dodged            |    49 |     6 ||    55
  Block: Buckler           |    28 |     2 ||    30
